 Dungeon Crawl Stone Soup version 0.28.0-53-g5a82cb258f (webtiles) character file.

Game seed: 5805944224053975025

1965 hquester the Insei (level 9, 0/60 HPs)
             Began as an Octopode Transmuter on May 30, 2022.
             Slain by an orc knight
             ... wielding a +0 war axe
              (26 damage)
             ... in a bailey.
             The game lasted 00:22:53 (6180 turns).

hquester the Insei (Octopode Transmuter)            Turns: 6180, Time: 00:22:54

Health: 0/60       AC:  8    Str: 16    XL:     9   Next: 19%
Magic:  16/16      EV: 14    Int: 17    God:
Gold:   427        SH: 10    Dex: 21    Spells: 16/17 levels left

rFire   . . .      SeeInvis .   r - +1 dagger (protect)
rCold   . . .      Faith    .   q - +0 kite shield
rNeg    . . .      Spirit   .   (helmet restricted)
rPois   .          Reflect  .   b - amulet "Pippeul" {Will- Regen+ Str+7}
rElec   .          Harm     .   h - +6 ring of dexterity
rCorr   .          Rampage  .   (no ring)
Will    .....                   (no ring)
Stlth   +++++.....              (no ring)
HPRegen 1.00/turn               (no ring)
MPRegen 0.15/turn               (no ring)
                                (no ring)
                                (no ring)

@: under a protective aura
A: almost no armour, amphibious, 8 rings, camouflage 1, gelatinous body 1,
nimble swimmer 1, tentacles
a: no special abilities


You were in a bailey.
You visited 2 branches of the dungeon, and saw 8 of its levels.
You also visited: Ossuary and Bailey.

You collected 427 gold pieces.

Inventory:

Hand Weapons
 r - a +1 dagger of protection (weapon)
Armour
 q - a +0 kite shield (worn)
Jewellery
 b - the amulet "Pippeul" (around mantle) {Will- Regen+ Str+7}
   (You acquired it on level 3 of the Dungeon)

   [amulet of regeneration]

   Str:       It affects your strength (+7).
   Regen:     It increases your rate of health regeneration.
   Will:      It decreases your willpower.
 h - a +6 ring of dexterity (left tentacle)
Wands
 f - a wand of charming (10)
 u - a wand of flame (15)
Scrolls
 e - a scroll of enchant armour {unknown}
 m - a scroll of summoning {unknown}
 n - 3 scrolls of fog
 o - a scroll of blinking {unknown}
 p - 2 scrolls of fear
 s - a scroll of enchant weapon {unknown}
 w - a scroll of magic mapping {unknown}
Potions
 a - a potion of attraction
 c - a potion of ambrosia {unknown}
 g - a potion of lignification
 i - a potion of berserk rage {unknown}
 j - 3 potions of haste
 k - 6 potions of curing
 l - a potion of heal wounds {unknown}
 t - a potion of flight
 v - 2 potions of brilliance


   Skills:
 + Level 4.8 Fighting
 + Level 5.1 Dodging
 + Level 4.3 Stealth
 + Level 3.0 Shields
 + Level 5.5 Unarmed Combat
 + Level 4.8 Spellcasting
 + Level 5.1 Transmutations


You had 16 spell levels left.
You knew the following spells:

 Your Spells              Type           Power      Damage    Failure   Level
a - Beastly Appendage     Tmut           42%        N/A       5%          1

Your spell library contained the following spells:

 Spells                   Type           Power      Damage    Failure   Level
 Wereblood                Tmut           21%        N/A       9%          2
 Passwall                 Tmut/Erth      10%        N/A       24%         2
 Sandblast                Erth           8%         2d5       41%         1
 Spider Form              Tmut/Pois      12%        N/A       43%         3
 Stone Arrow              Conj/Erth      8%         3d7       80%         3
 Ice Form                 Ice/Tmut       12%        N/A       83%         4


Dungeon Overview and Level Annotations

Branches:
Dungeon (7/15)             Temple (1/1) D:4         Ossuary (visited)
 Bailey (1/1)

Altars:
Ashenzari
Cheibriados
Elyvilon
Fedhas
Gozag
Hepliaklqana
Kikubaaqudgha
Makhleb
Nemelex Xobeh
Okawaru
Qazlal
Ru
Sif Muna
Trog
Uskayaw
Vehumet
Wu Jian
Xom
Yredelemnul
The Shining One

Shops:
D:2 (   D:4 =

Annotations:
Bailey 3 runed translucent doors


Innate Abilities, Weirdness & Mutations

You cannot wear most types of armour.
You are amphibious.
You can wear up to eight rings at the same time.
Your skin changes colour to match your surroundings (Stealth+).
Your rubbery body absorbs attacks. (AC +1, EV +1)
You are camouflaged when in or above water. (Stealth+)
You have tentacles for arms and can constrict up to eight enemies at once.


Message History

You constrict the orc knight.
The orc knight splashes around in the water.
You barely miss the orc knight.
You tentacle-slap the orc knight, but do no damage.
You squeeze the orc knight, but do no damage.
The orc knight is lightly wounded.
You constrict the orc knight, but do no damage.
You block the orc knight's attack.
You hit the orc knight but do no damage.
The orc knight is lightly wounded.
You constrict the orc knight!
The orc knight hits you with a +0 war axe!
You completely miss the orc knight. You squeeze the orc knight.
The orc knight is moderately wounded.
You constrict the orc knight.
The orc knight hits you with a +0 war axe.
You hit the orc knight.
You tentacle-slap the orc knight, but do no damage.
The orc knight is moderately wounded.
You constrict the orc knight! You block the orc knight's attack.
You hit the orc knight.
You squeeze the orc knight, but do no damage.
The orc knight is heavily wounded.
You constrict the orc knight.
The orc knight hits you with a +0 war axe!!
* * * LOW HITPOINT WARNING * * *
The orc knight hits you with a +0 war axe.
* * * LOW HITPOINT WARNING * * *
Unknown command.
You feel better.
You constrict the orc knight! You block the orc knight's attack.
You hit the orc knight.
The orc knight is severely wounded.
You constrict the orc knight. The orc knight barely misses you.
You hit the orc knight but do no damage.
You squeeze the orc knight.
The orc knight is severely wounded.
You constrict the orc knight!
The orc knight hits you with a +0 war axe!!
You die...

#................)..
#...8......#+++#....
##).....####≈≈≈####)
♣##.....#≈≈≈≈≈≈≈≈o#.
♣.##....#≈.8...8.≈#.
♣♣..###'###.......###
♣...≈≈≈.#≈≈.8...8.≈≈#
♣♣...≈≈≈.#≈.........≈#
♣∩...@≈≈.# #
♣♣...≈o≈.# .... #
♣...≈≈≈.# ..8...8 #
♣♣..###'#≈.........≈#
♣.##...#≈|!8...8![≈#
♣##....##≈≈#####≈≈##
##......####...####.
#...................
#..8..8.........(...


You could see an orc knight.

Vanquished Creatures
  2 orc warriors
  3 black bears
  A necrophage (D:5)
  2 ogres
  A centaur (D:7)
  2 phantoms
  2 bullfrogs (D:6)
  A scorpion (D:6)
  A water moccasin skeleton (D:3)
  3 wights (D:6)
  A hound (D:5)
  A jelly (D:6)
  A bullfrog zombie (D:5)
  2 orc priests
  2 centaur skeletons
  A gnoll shaman (D:4)
  An iguana (D:6)
  Ijyb (D:3)
  3 orc wizards
  A hound zombie (D:5)
  A mummy (Ossuary)
  6 gnolls
  2 adders
  A white imp (D:5)
  An ufetubus (D:6)
  An adder skeleton (D:4)
  2 worms
  3 dart slugs
  21 orcs
  7 spectral bats (Ossuary)
  3 bats
  3 endoplasms
  5 giant cockroaches
  7 goblins
  6 hobgoblins
  7 jackals
  4 quokkas
  9 ball pythons
  5 bat simulacra (Ossuary)
  4 frilled lizards
  12 gnoll zombies (Ossuary)
  3 goblin simulacra (Ossuary)
  9 goblin zombies (Ossuary)
  4 hobgoblin zombies (Ossuary)
  20 kobolds
  3 kobold simulacra (Ossuary)
  A kobold zombie (Ossuary)
  4 orc zombies (Ossuary)
  3 rats
  3 rat simulacra (Ossuary)
  3 spectral goblins (Ossuary)
  3 spectral kobolds (Ossuary)
  6 spectral rats (Ossuary)
204 creatures vanquished.

Notes
Turn   | Place    | Note
-------+----------+-------------------------------------------
     0 | D:1      | hquester the Octopode Transmuter began the quest for the
                  | Orb.
     0 | D:1      | Reached XP level 1. HP: 13/13 MP: 3/3
    76 | D:1      | Found a faded altar of an unknown god.
   131 | D:1      | Reached XP level 2. HP: 14/18 MP: 5/5
   779 | D:1      | Reached XP level 3. HP: 23/23 MP: 6/6
  1074 | D:2      | Found a hazy altar of Hepliaklqana.
  1192 | D:2      | Found Emydghibb's Weapon Shop.
  1461 | D:2      | Reached XP level 4. HP: 13/29 MP: 7/7
  1913 | D:3      | Identified a scroll of acquirement
  1913 | D:3      | Acquired the amulet "Pippeul" {Will- Regen+ Str+7}
  2060 | D:3      | You fall into a shaft and drop 1 floor!
  2108 | D:3      | Reached XP level 5. HP: 31/34 MP: 9/9
  2423 | D:3      | Noticed Ijyb
  2432 | D:3      | Killed Ijyb
  2627 | D:4      | Reached XP level 6. HP: 41/41 MP: 10/10
  2675 | D:4      | Found Barim's Jewellery Boutique.
  2767 | D:4      | Noticed a black bear
  2775 | D:4      | Killed a black bear
  2938 | D:4      | Found a stormy altar of Qazlal.
  2942 | D:4      | Noticed a fire elemental
  2942 | D:4      | Noticed an air elemental
  2942 | D:4      | Noticed a water elemental
  3054 | D:4      | Found a staircase to the Ecumenical Temple.
  3063 | Temple   | Entered the Ecumenical Temple
  3502 | D:4      | Reached XP level 7. HP: 26/46 MP: 12/12
  3550 | D:5      | Entered Level 5 of the Dungeon
  3564 | D:5      | Found a sand-covered staircase.
  3571 | Ossuary  | Entered an ossuary
  4543 | D:5      | Reached skill level 1 in Stealth
  4554 | D:5      | Found a broken altar of Ashenzari.
  4595 | D:5      | Reached skill level 1 in Shields
  4595 | D:5      | Reached XP level 8. HP: 50/54 MP: 13/13
  5173 | D:6      | Reached skill level 5 in Unarmed Combat
  5818 | D:7      | Reached skill level 5 in Dodging
  5818 | D:7      | Reached skill level 5 in Transmutations
  5818 | D:7      | Reached XP level 9. HP: 28/59 MP: 15/15
  5887 | D:7      | Found a flagged portal.
  5895 | Bailey   | Entered a bailey
  5922 | Bailey   | Noticed an orc warlord
  5975 | Bailey   | Found a runed translucent gate.
  5975 | Bailey   | Found a runed translucent gate.
  5975 | Bailey   | Found a runed translucent gate.
  6066 | Bailey   | Noticed an orc knight
  6180 | Bailey   | Slain by an orc knight

Illustrated notes

Levels and vault maps discovered:
D:1:      saegor_arrival_simple_c, layout_loops_ring,
          nicolae_ecumenical_lake_church
D:2:      layout_basic, basic_altar, serial_shops, shop_coins
D:3:      layout_loops_ring, uniq_ijyb
D:4:      layout_loops_ring, nicolae_qazlal_style_of_elements,
          minmay_temple_entry_poolview, serial_shops,
          nicolae_shop_temple_entry_statues_fountains
D:5:      layout_basic, mainiacjoe_overflow_six_doors_small, enter_ossuary_1,
          nrook_mini_vaults
D:6:      layout_loops_ring, corexii_corridor_pit
D:7:      layout_rooms, enter_bailey_3
Temple:   dpeg_five_rooms_temple
Bailey:   bailey_axe_bossmonster_kennysheep, bailey

Skill      XL: |  1  2  3  4  5  6  7  8  9 |
---------------+----------------------------+-----
Fighting       | 2 3 4 |  4.8
Dodging        | 3 4 5 |  5.1
Transmutations | 3 4 5 |  5.1
Spellcasting   | 3 4 |  4.8
Unarmed Combat | 4 5 |  5.5
Stealth        | 1 4 |  4.3
Shields        | 1 2 3 |  3.0

Action                   |  1- 3 |  4- 6 |  7- 9 || total
-------------------------+-------+-------+-------++-------
Melee: Unarmed           |    80 |    10 |       ||    90
       Tentacles         |    23 |    25 |   113 ||   161
       Constrict         |    23 |    30 |    80 ||   133
       Punch             |     3 |     2 |    23 ||    28
       Dagger            |       |   106 |   377 ||   483
  Use: Potion            |     2 |       |     1 ||     3
       Scroll            |       |     2 |     6 ||     8
 Stab: Sleeping          |     5 |     7 |    11 ||    23
       Distracted        |     1 |       |     1 ||     2
Armor: Skin              |     2 |     1 |    76 ||    79
Dodge: Dodged            |    43 |    55 |   207 ||   305
Block: Kite shield       |       |       |   109 ||   109
